 Dungeon Crawl Stone Soup version 0.29-a0-323-g050149af67 (webtiles) character file.

Game seed: 17372690439143316985

1028 Ajdolov the Cleaver (level 8, 0/75 HPs)
             Began as a Deep Dwarf Fighter on Apr 10, 2022.
             Slain by a hound (4 damage)
             ... on level 5 of the Dungeon.
             The game lasted 00:06:05 (3323 turns).

Ajdolov the Cleaver (Deep Dwarf Fighter)            Turns: 3323, Time: 00:06:06

Health: 0/75       AC:  8    Str: 29    XL:     8   Next: 3%
Magic:  6/6        EV:  9    Int:  8    God:
Gold:   237        SH:  4    Dex: 12    Spells: 7/7 levels left

rFire   . . .      SeeInvis .   t - +3 war axe
rCold   . . .      Faith    .   c - +0 buckler
rNeg    . . .      Spirit   .   b - +0 scale mail
rPois   .          Reflect  .   (no helmet)
rElec   .          Harm     .   m - +0 cloak
rCorr   .          Rampage  .   (no gloves)
Will    +....                   (no boots)
Stlth   ..........              (no amulet)
HPRegen 0.00/turn               r - +6 ring of strength
MPRegen 0.10/turn               (no ring)

@: no status effects
A: damage resistance, heal wounds, sense surroundings 1, no regeneration
a: Heal Wounds


You were on level 5 of the Dungeon.
You visited 1 branch of the dungeon, and saw 5 of its levels.

You collected 237 gold pieces.

Inventory:

Hand Weapons
 t - a +3 war axe (weapon)
Armour
 b - a +0 scale mail (worn)
 c - a +0 buckler (worn)
 m - a +0 cloak (worn)
Jewellery
 r - a +6 ring of strength (left hand)
Scrolls
 e - a scroll of blinking {unknown}
 f - a scroll of silence {unknown}
 g - 5 scrolls of identify {unknown}
 j - a scroll of fear {unknown}
 n - 2 scrolls of enchant weapon {unknown}
 o - a scroll of enchant armour {unknown}
 p - a scroll of fog {unknown}
 q - 6 scrolls of teleportation {unknown}
 s - a scroll of immolation {unknown}
 u - 3 scrolls of acquirement {unknown}
Potions
 a - a potion of resistance {unknown}
 d - a potion of lignification {unknown}
 h - a potion of degeneration {unknown}
 i - 3 potions of flight {unknown}
 k - 3 potions of curing {unknown}
 l - 3 potions of attraction {unknown}
 v - a potion of heal wounds


   Skills:
 + Level 5.5 Fighting
 * Level 8.5 Axes
 - Level 3.4 Armour
 - Level 3.4 Shields


You had 7 spell levels left.
You didn't know any spells.
Your spell library contained the following spells:

 Spells                   Type           Power      Damage    Failure   Level
 Freeze                   Ice            0%         1d3       77%         1


Dungeon Overview and Level Annotations

Branches:
Dungeon (5/15)
 Temple: D:4-7

Altars:

Shops:
D:5 *


Innate Abilities, Weirdness & Mutations

You are resistant to damage.
You can heal yourself by infusing magical energy.
You passively map a small area around you.
You do not regenerate.


Message History

The iguana barely misses you.
You hit the iguana.
The iguana is severely wounded.
The iguana bites you!
You hit the iguana but do no damage.
The iguana is severely wounded.
The iguana barely misses you.
You slash the iguana!
You kill the iguana!
g - 5 scrolls labelled VEUJOETOSUT (gained 1)
You now have 237 gold pieces (gained 19).
Items here: ))) [[ ††.
Things that are here:
a +0 dagger; a +0 ring mail
Items here: ))) [[ ††.
A sky beast comes into view.
You are too injured to fight recklessly!
An ogre comes into view. It is wielding a +0 giant club.
The sky beast flickers out of sight!
Deactivating autopickup; reactivate with Ctrl-A.
Something hits you but does no damage.
You hit something. Something hits you but does no damage.
You closely miss something.
A sky beast appears from thin air!
Reactivating autopickup.
The sky beast hits you but does no damage.
You barely miss the sky beast.
The sky beast is lightly wounded.
The sky beast hits you. The sky beast shocks you.
You slice the sky beast!!
The sky beast is severely wounded.
The sky beast hits you but does no damage.
You barely miss the sky beast.
The sky beast is severely wounded.
You slash the ogre!
The ogre hits you with a +0 giant club!!
* * * LOW HITPOINT WARNING * * *
The sky beast hits you but does no damage.
Unknown command.
You fail to use your ability.
The hound bites you.
You die...

# #<##.##.# ##.......[.....#*
#######.......####..####.#.####..
....)..###).......)...##.#... *.#
.#####.# ########).#.........#,#
....##.# #................
.##.##.# #.########.....#.*
.......# ##.## *#...## ......##
#...# * #.## .##...# #.@.# * , ,,
.###..####


#hYO# * .#.......# #...# * , .#.#..##.######...# .#.#..##.#........., , .#
#................ , , , * ## #...#.#.......... * #.###.#.####.#...#.# #.......#
# You could see a sky beast, an ogre and a hound.

Vanquished Creatures
  Sigmund (D:2)
  Edmund (D:4)
  A black bear (D:5)
  A sky beast (D:4)
  An ogre (D:5)
  A scorpion (D:5)
  A gnoll shaman (D:4)
  2 orc priests
  Terence (D:2)
  Ijyb (D:5)
  An iguana (D:5)
  3 orc wizards (D:4)
  8 gnolls
  An adder (D:5)
  An ufetubus (D:5)
  2 worms (D:3)
  A dart slug (D:1)
  14 orcs
  3 ball pythons
  8 endoplasms
  3 giant cockroaches
  6 goblins
  5 hobgoblins
  4 jackals (D:4)
  4 quokkas (D:1)
  2 bats (D:3)
  4 frilled lizards
  13 kobolds
  5 rats
99 creatures vanquished.

Vanquished Creatures (others)
  12 plants
12 creatures vanquished.

Grand Total: 111 creatures vanquished

Notes
Turn   | Place    | Note
-------+----------+-------------------------------------------
     0 | D:1      | Ajdolov the Deep Dwarf Fighter began the quest for the Orb.
     0 | D:1      | Reached XP level 1. HP: 20/20 MP: 1/1
    71 | D:1      | Found a faded altar of an unknown god.
    89 | D:1      | Got Plato's Tome of Snow
   132 | D:1      | Reached XP level 2. HP: 21/27 MP: 2/2
   474 | D:1      | Reached skill level 3 in Axes
   743 | D:1      | Reached XP level 3. HP: 9/34 MP: 3/3
   856 | D:2      | Noticed Terence
   875 | D:2      | Killed Terence
  1667 | D:2      | Noticed Sigmund
  1681 | D:2      | Killed Sigmund
  1682 | D:2      | Reached skill level 5 in Axes
  1682 | D:2      | Reached XP level 4. HP: 3/44 MP: 4/4
  1682 | D:2      | Reached XP level 5. HP: 3/50 MP: 5/5
  2446 | D:4      | Noticed Edmund
  2462 | D:4      | Killed Edmund
  2463 | D:4      | Reached skill level 6 in Axes
  2463 | D:4      | Reached XP level 6. HP: 40/58 MP: 5/5
  2871 | D:4      | HP: 2/58 [orc priest/divine providence (13)]
  2948 | D:4      | Noticed a sky beast
  2958 | D:4      | Killed a sky beast
  2959 | D:4      | Reached skill level 7 in Axes
  2959 | D:4      | Reached XP level 7. HP: 47/66 MP: 6/6
  3041 | D:5      | Entered Level 5 of the Dungeon
  3051 | D:5      | Noticed Ijyb
  3059 | D:5      | Killed Ijyb
  3060 | D:5      | Reached skill level 5 in Fighting
  3237 | D:5      | Found Genlocol's Overcharged Wands.
  3259 | D:5      | Reached skill level 8 in Axes
  3304 | D:5      | Reached XP level 8. HP: 46/75 MP: 6/6
  3323 | D:5      | Slain by a hound

Illustrated notes

Levels and vault maps discovered:
D:1:      lemuel_arrival_river_bridge, layout_loops_cross,
          shapermc_ecumenical_altar_rom_forum, st_stairs_3,
          lexackson_kobold_supper
D:2:      layout_loops_corners, serial_forest, infiniplex_forest_clump_medium,
          infiniplex_forest_corner_2, infiniplex_forest_clump_tiny,
          infiniplex_forest_split, infiniplex_forest_pool,
          infiniplex_forest_lined_3, uniq_terence, uniq_sigmund
D:3:      layout_loops_ring, st_stairs_2
D:4:      layout_loops_cross, grunt_ministairs_8, uniq_edmund
D:5:      layout_loops_cross, minmay_temple_entry_poolview,
          nicolae_shop_overcharged_wands, uniq_ijyb

Skill      XL: |  1  2  3  4  5  6  7 |
---------------+----------------------+-----
Fighting       | 3 4 5 |  5.5
Axes           | 3 5 6 7 8 |  8.5
Armour         | |  3.4
Shields        | |  3.4

Action                   |  1- 3 |  4- 6 |  7- 9 || total
-------------------------+-------+-------+-------++-------
Melee: War axe           |    96 |    94 |    74 ||   264
 Abil: Heal Wounds       |     1 |     4 |     3 ||     8
  Use: Potion            |     1 |     1 |       ||     2
Armor: Scale mail        |    32 |    44 |    39 ||   115
Dodge: Dodged            |    39 |    38 |    34 ||   111
Block: Buckler           |    22 |    11 |    20 ||    53

Table legend: (Time is in decaauts)
 A = Elapsed time spent in this place.
 B = Non-inter-level travel time spent in this place.
 C = Inter-level travel time spent in this place.
 D = Time resting spent in this place.
 E = Time spent auto-exploring this place.
 F = Levels seen in this place.
 G = Mean time per level.
                   A        B        C        D        E       F      G
               +--------+--------+--------+--------+--------+-----+--------+
         Total |   3399 |   3353 |     46 |     70 |   2553 |   5 |  679.8 |
       Dungeon |   3399 |   3353 |     46 |     70 |   2553 |   5 |  679.8 |
               +--------+--------+--------+--------+--------+-----+--------+

Top non-repeatable levels by time:
     D:2: 976 daAuts
     D:1: 875 daAuts
     D:4: 641 daAuts
     D:3: 617 daAuts
     D:5: 289 daAuts
